 Dungeon Crawl Stone Soup version 0.32-a0-468-g38b2580584 (webtiles) character file.

Game seed: 10134848261622062744

140 ezpacito the Trooper (level 5, 0/41 HPs)
             Began as a Demonspawn Chaos Knight on Feb 24, 2024.
             Was a Plaything of Xom.
             Succumbed to a kobold's poison
             ... on level 3 of the Dungeon.
             The game lasted 00:03:53 (1750 turns).

ezpacito the Trooper (Demonspawn Chaos Knight)      Turns: 1750, Time: 00:03:54

Health: 0/41       AC:  6    Str: 14    XL:     5   Next: 2%
Magic:  5/7        EV: 11    Int: 15    God:    Xom [..*...]
Gold:   69         SH:  0    Dex: 12    Spells: 4/6 levels left

rFire   . . .        a - +0 hand axe (chaos)
rCold   . . .        (no shield)
rNeg    . . .        b - +2 leather armour
rPois   .            (no helmet)
rElec   .            (no cloak)
rCorr   .            (no gloves)
SInv    +            e - +0 pair of boots
Will    .....        (no amulet)
Stlth   +            n - ring of wizardry
HPRegen 0.26/turn    f - ring of see invisible
MPRegen 0.10/turn

%: wizardry (x1)
@: brilliant, lethally poisoned (0 -> -3), invisible
A: demonic guardian 1, powered by death 1, big brain 1
a: Renounce Religion


You were on level 3 of the Dungeon.
You worshipped Xom.
You were a toy of Xom.
You visited 1 branch of the dungeon, and saw 3 of its levels.

You collected 116 gold pieces.
You spent 47 gold pieces at shops.

Inventory:

Hand Weapons
 a - a +0 hand axe of chaos (weapon)
Missiles
 j - 6 boomerangs (quivered)
Armour
 b - a +2 leather armour (worn)
 e - a +0 pair of boots (worn)
 m - a +0 scale mail
Jewellery
 f - a ring of see invisible (right hand)
 n - a ring of wizardry (left hand)
 o - a ring of fire
Talismans
 l - a blade talisman
Scrolls
 g - a scroll of identify {unknown}
 k - a scroll of brand weapon {unknown}
 p - a scroll of teleportation {unknown}
 r - a scroll of silence {unknown}
 s - a scroll of amnesia
 t - a scroll of acquirement {unknown}
 u - a scroll of blinking {unknown}


   Skills:
 * Level 3.4 Fighting
 * Level 3.1 Axes
 * Level 2.2 Armour
 * Level 1.9 Dodging
 + Level 1.1 Stealth
 * Level 1.0 Unarmed Combat
 * Level 1.3 Spellcasting
 * Level 1.0 Necromancy
 + Level 0.5 Air Magic
 + Level 0.2 Alchemy


You had 4 spell levels left.
You knew the following spells:

 Your Spells              Type           Power      Damage    Failure   Level
a - Cigotuvi's Dreadful   Necr/Alch/Air  8%         N/A       14%         2

Your spell library contained the following spells:

 Spells                   Type           Power      Damage    Failure   Level
 Ignite Poison            Fire/Alch      2%         N/A       69%         4
 Freezing Cloud           Conj/Ice/Air   1%         6-21      95%         5


Dungeon Overview and Level Annotations

Branches:
Dungeon (3/15)

Altars:

Shops:
D:3 *


Innate Abilities, Weirdness & Mutations

A weak demonic guardian rushes to your aid.
You regenerate a little health from kills.
You have an unusually large brain. (Int +2)


Message History

The burning spray hits you.
You are covered in liquid fire!
You hit the bombardier beetle. You burn the bombardier beetle.
The bombardier beetle is moderately wounded.
The liquid fire burns you!
* * * LOW HITPOINT WARNING * * *
x2 You feel very sick.
Unknown command.
It was a potion of cancellation.
You are no longer on fire.
Your magical effects are unravelling.
You feel magically purged.
Xom roars with laughter!
You feel a little less mighty now.
* * * LOW HITPOINT WARNING * * *
You feel very sick.
The bombardier beetle bites you but does no damage.
It was a potion of invisibility.
You fade into invisibility!
* * * LOW HITPOINT WARNING * * *
You feel sick.
The kobold throws a poisoned dart.
The poisoned dart barely misses the bombardier beetle.
The poisoned dart barely misses you.
It was a potion of brilliance.
You feel clever all of a sudden.
* * * LOW HITPOINT WARNING * * *
You feel sick.
The bombardier beetle closely misses you.
As you read the scroll of butterflies, it crumbles to dust.
You hear the flapping of tiny wings.
The kobold is knocked back by the sudden gust.
The bombardier beetle is knocked back by the sudden gust.
* * * LOW HITPOINT WARNING * * *
You feel sick.
Okay, then.
You aren't carrying any potions.
As you read the scroll labelled WUERGH ZARELEI, it dissolves into smoke.
It was a scroll of fog.
You die...
Xom guffaws!

##......#
#.........#
...
###+####
#.........#
##
####......#
#bb.####
#b#+# #b#
#b# #b# #@#
#b# #bb...#
#Bbb#.#
#.b.# ....b
#K....
#......
#.......


There were no monsters in sight!

Vanquished Creatures
  An orc priest (D:3)
  An orc wizard (D:3)
  3 adders (D:2)
  A ribbon worm (D:2)
  7 orcs
  4 ball pythons
  2 endoplasms (D:2)
  5 giant cockroaches
  4 goblins
  A hobgoblin (D:2)
  5 jackals
  A quokka (D:2)
  4 bats
  2 frilled lizards
  5 kobolds
  4 rats
50 creatures vanquished.

Vanquished Creatures (collateral kills)
  An orc (D:3)
  A bat (D:2)
  A goblin (D:2)
3 creatures vanquished.

Grand Total: 53 creatures vanquished

Notes
Turn   | Place    | Note
-------+----------+-------------------------------------------
     0 | D:1      | ezpacito the Demonspawn Chaos Knight began the quest for
                  | the Orb.
     0 | D:1      | Reached XP level 1. HP: 18/18 MP: 1/1
    56 | D:1      | XOM: silly message
   120 | D:1      | XOM: silly message
   144 | D:1      | Reached skill level 1 in Dodging
   206 | D:1      | Gained mutation: A weak demonic guardian rushes to your
                  | aid. [demonic ancestry]
   206 | D:1      | Reached XP level 2. HP: 16/24 MP: 2/2
   438 | D:1      | XOM: silly message
   543 | D:2      | Gained mutation: You have an unusually large brain. (Int
                  | +2) [demonic ancestry]
   543 | D:2      | Reached XP level 3. HP: 29/29 MP: 3/3
   624 | D:2      | Reached skill level 1 in Spellcasting
   677 | D:2      | Learned a level 2 spell: Cigotuvi's Dreadful Rot
   989 | D:2      | Reached XP level 4. HP: 35/35 MP: 5/5
  1108 | D:2      | XOM: silly message
  1261 | D:2      | XOM: divination: detect creatures
  1298 | D:2      | Found a faded altar of an unknown god.
  1327 | D:2      | XOM: silly message
  1556 | D:3      | Reached skill level 1 in Unarmed Combat
  1688 | D:3      | Found Ymurij's Assorted Antiques.
  1696 | D:3      | Bought a scroll labelled WOSOAT BYSAEHU for 25 gold pieces
  1696 | D:3      | Bought a sapphire potion for 22 gold pieces
  1725 | D:3      | Reached skill level 1 in Necromancy
  1726 | D:3      | XOM: silly message
  1744 | D:3      | Reached skill level 1 in Stealth
  1744 | D:3      | Gained mutation: You regenerate a little health from kills.
                  | [demonic ancestry]
  1744 | D:3      | Reached XP level 5. HP: 19/41 MP: 5/7
  1749 | D:3      | HP: 1/41 [poisoned by a kobold]
  1750 | D:3      | Succumbed to a kobold's poison

Illustrated notes

Levels and vault maps discovered:
D:1:      co_arrival_two_rings, layout_basic, chequers_serial_rivers_small_3
D:2:      layout_loops_ring, shapermc_ecumenical_altar_flowoftime, minivault_19,
          kennysheep_pointless_box, minmay_misc_feat_more_columns,
          skrybe_limestone_x
D:3:      layout_basic, mainiacjoe_overflow_24_doors, grunt_ashenzari_visionary
          [grunt_ashenzari_visionary_shoals, grunt_ashenzari_visionary_spider],
          serial_shops, nicolae_shop_waterfront, dk_noncrumbling_2

Skill      XL: |  1  2  3  4 |
---------------+-------------+-----
Dodging        | 1 |  1.9
Armour         | 2 |  2.2
Spellcasting   | 1 |  1.3
Axes           | 3 |  3.1
Unarmed Combat | 1 |  1.0
Necromancy     | 1 |  1.0
Stealth        | 1 |  1.1
Fighting       | |  3.4
Air Magic      | |  0.5
Alchemy        | |  0.2

Action                     |  1- 3 |  4- 6 || total
---------------------------+-------+-------++-------
  Melee: Hand axe          |   119 |    70 ||   189
    Use: Scroll            |       |     3 ||     3
         Potion            |       |     4 ||     4
 Armour: Leather armour    |    80 |    38 ||   118
  Dodge: Dodged            |   104 |    36 ||   140

Table legend: (Time is in decaauts)
 A = Elapsed time spent in this place.
 B = Non-inter-level travel time spent in this place.
 C = Inter-level travel time spent in this place.
 D = Time resting spent in this place.
 E = Time spent auto-exploring this place.
 F = Levels seen in this place.
 G = Mean time per level.
                   A        B        C        D        E       F      G
               +--------+--------+--------+--------+--------+-----+--------+
         Total |   1780 |   1652 |    128 |      0 |   1238 |   3 |  593.3 |
       Dungeon |   1780 |   1652 |    128 |      0 |   1238 |   3 |  593.3 |
               +--------+--------+--------+--------+--------+-----+--------+

Top non-repeatable levels by time:
     D:2: 1026 daAuts
     D:1: 510 daAuts
     D:3: 244 daAuts
